 Dungeon Crawl Stone Soup version 0.28.0-53-g5a82cb258f (webtiles) character file.

Game seed: 13562163921072261266

418 Sin92 the Skirmisher (level 6, -10/49 HPs)
             Began as a Demonspawn Fighter on July 5, 2022.
             Mangled by an orc warrior
             ... wielding a +0 long sword of flaming
              (13 damage)
             ... on level 4 of the Dungeon.
             The game lasted 00:03:00 (2917 turns).

Sin92 the Skirmisher (Demonspawn Fighter)           Turns: 2917, Time: 00:03:01

Health: -10/49     AC: 15    Str: 19    XL:     6   Next: 61%
Magic:  6/6        EV: 14    Int:  9    God:
Gold:   76         SH:  5    Dex: 12    Spells: 5/5 levels left

rFire   . . .      SeeInvis .   a - +0 war axe
rCold   . . .      Faith    .   c - +0 buckler
rNeg    . . .      Spirit   .   l - +0 chain mail
rPois   +          Reflect  .   f - +0 helmet
rElec   .          Harm     .   e - +0 cloak
rCorr   .          Rampage  .   (no gloves)
Will    .....                   k - +2 pair of boots
Stlth   ..........              (no amulet)
HPRegen 0.16/turn               g - ring of poison resistance
MPRegen 0.10/turn               (no ring)

@: agile
A: repulsion field 1, powered by pain 2, demonic touch 1
a: no special abilities


You were on level 4 of the Dungeon.
You visited 1 branch of the dungeon, and saw 4 of its levels.

You collected 76 gold pieces.

Inventory:

Hand Weapons
 a - a +0 war axe (weapon)
Armour
 b - a +0 scale mail
 c - a +0 buckler (worn)
 e - a +0 cloak (worn)
 f - a +0 helmet (worn)
 k - a +2 pair of boots (worn)
 l - a +0 chain mail (worn)
Jewellery
 g - a ring of poison resistance (left hand)
 j - a ring of magical power
 q - a ring of ice
Scrolls
 h - 4 scrolls of teleportation {unknown}
 n - a scroll of enchant armour {unknown}
 o - a scroll of immolation {unknown}
Potions
 d - 2 potions of flight {unknown}
 i - 4 potions of invisibility {unknown}
 m - a potion of curing {unknown}
 p - 2 potions of cancellation {unknown}
 r - a potion of resistance {unknown}
 s - a potion of berserk rage {unknown}
 t - 2 potions of lignification {unknown}


   Skills:
 + Level 4.5 Fighting
 + Level 3.5 Axes
 + Level 4.1 Armour
 + Level 4.1 Shields


You had 5 spell levels left.
You didn't know any spells.
Your spell library was empty.

Dungeon Overview and Level Annotations

Branches:
Dungeon (4/15)
 Temple: D:4-7

Altars:
Elyvilon
Sif Muna
Zin
The Shining One
Beogh

Annotations:
D:3 3 runed translucent doors, bchevrier's ghost, amateur GnWn


Innate Abilities, Weirdness & Mutations

You are surrounded by a mild repulsion field. (EV +2)
You sometimes gain power by taking damage.
Your touch may inflict minor irresistible damage on your foes.


Message History

An orc warrior is nearby!
You hit the orc warrior.
The orc warrior is lightly wounded.
The orc warrior hits you with a +0 long sword of flaming!
The orc warrior burns you.
An orc warrior is nearby!
You hit the orc warrior.
The orc warrior is moderately wounded.
The orc warrior closely misses you. The orc warrior barely misses you.
Unknown command.
You slash the orc warrior!
The orc warrior is heavily wounded.
You block the orc warrior's attack.
You hit the orc warrior.
The orc warrior is severely wounded.
You block the orc warrior's attack.
You hit the orc warrior.
The orc warrior is severely wounded.
The orc warrior barely misses you.
The orc warrior hits you with a +0 long sword of flaming.
The orc warrior burns you.
You slash the orc warrior!
The orc warrior is almost dead.
The orc warrior hits you with a +0 long sword of flaming.
The orc warrior burns you.
You barely miss the orc warrior.
The orc warrior is almost dead.
The orc warrior hits you with a +0 long sword of flaming!
* * * LOW HITPOINT WARNING * * *
You focus on the pain.
You feel agile all of a sudden. The orc warrior burns you.
* * * LOW HITPOINT WARNING * * *
You hit the orc warrior but do no damage.
The orc warrior is almost dead.
The orc warrior closely misses you. The orc warrior barely misses you.
You hit the orc warrior but do no damage.
The orc warrior is almost dead.
The orc warrior hits you with a +0 long sword of flaming!
You die...

##.##....# .
#..##....#####....
...##.....<.......
...).....####...##
...##....# ..##
...##....##### .##
.........##._. ..##
.........##.:.###o..#
.##..)...# #...#@#
..#.#..######...##
....#...###.##.).##
...#..#.#.#(.##...##
.(............##...##
##........#....##...#
......##..#.........#
......##..#........##
..#...##..###.######


You could see an orc warrior.

Vanquished Creatures
  Duvessa (D:4)
  Blork the orc (D:4)
  A scorpion (D:4)
  Dowan (D:4)
  An orc wizard (D:4)
  4 adders
  3 gnolls (D:3)
  An adder skeleton (D:4)
  A worm (D:2)
  A dart slug (D:4)
  3 orcs
  6 endoplasms
  3 goblins
  5 hobgoblins
  4 kobolds
  3 quokkas
  4 ball pythons
  A bat (D:2)
  2 frilled lizards
  5 rats
51 creatures vanquished.

Notes
Turn   | Place    | Note
-------+----------+-------------------------------------------
     0 | D:1      | Sin92 the Demonspawn Fighter began the quest for the Orb.
     0 | D:1      | Reached XP level 1. HP: 18/18 MP: 1/1
   145 | D:1      | You fall into a shaft and drop 1 floor!
   240 | D:2      | Gained mutation: You sometimes gain a little power by
                  | taking damage. [demonic ancestry]
   240 | D:2      | Reached XP level 2. HP: 14/24 MP: 2/2
   997 | D:2      | Reached XP level 3. HP: 29/29 MP: 3/3
  1244 | D:3      | Found a runed translucent gate.
  1244 | D:3      | Noticed bchevrier's ghost (amateur GnWn)
  1264 | D:3      | Identified the +6 whip "Kasiero" {antimagic, rN+ Str+2
                  | Int+5 Dex-3}
  1271 | D:3      | Found a runed translucent gate.
  1271 | D:3      | Found a runed translucent gate.
  1654 | D:3      | Gained mutation: You sometimes gain power by taking damage.
                  | [demonic ancestry]
  1654 | D:3      | Reached XP level 4. HP: 27/36 MP: 4/4
  2352 | D:4      | Noticed Dowan
  2353 | D:4      | Noticed Duvessa
  2353 | D:4      | Noticed Blork the orc
  2364 | D:4      | Killed Duvessa
  2365 | D:4      | Gained mutation: Your touch may inflict minor irresistible
                  | damage on your foes. [demonic ancestry]
  2365 | D:4      | Reached XP level 5. HP: 21/42 MP: 5/5
  2367 | D:4      | Killed Blork the orc
  2381 | D:4      | Killed Dowan
  2382 | D:4      | Gained mutation: You are surrounded by a mild repulsion
                  | field. (EV +2) [demonic ancestry]
  2382 | D:4      | Reached XP level 6. HP: 19/49 MP: 6/6
  2875 | D:4      | Found a shimmering blue altar of Sif Muna.
  2906 | D:4      | Noticed an orc warrior
  2915 | D:4      | HP: 2/49 [orc warrior/+0 long sword of flaming (4)]
  2917 | D:4      | Mangled by an orc warrior

Illustrated notes

Levels and vault maps discovered:
D:1:      dpeg_arrival_boxes_within_box, layout_basic,
          ebering_ecumenical_altar_rust, minivault_24
D:2:      layout_loops_ring
D:3:      layout_loops_corners, good_gods_mini_temple,
          biasface_ghost_orc_armoury
D:4:      minmay_angry_zag, layout_rooms, nzn_overflow_gifts_of_might_and_magic,
          minmay_manual_mess, uniq_duvessa, uniq_blork_the_orc

Skill      XL: |  1  2  3  4  5  6 |
---------------+-------------------+-----
Axes           | 2 3 |  3.5
Armour         | 3 4 |  4.1
Shields        | 3 4 |  4.1
Fighting       | 4 |  4.5

Action                   |  1- 3 |  4- 6 || total
-------------------------+-------+-------++-------
Melee: War axe           |    92 |    74 ||   166
  Use: Scroll            |       |     2 ||     2
       Potion            |       |     1 ||     1
 Stab: Distracted        |       |     1 ||     1
Armor: Scale mail        |    21 |       ||    21
       Chain mail        |    32 |    37 ||    69
Dodge: Dodged            |    29 |    31 ||    60
Block: Buckler           |    23 |    22 ||    45
